 Dungeon Crawl Stone Soup version 0.29-a0-337-g68df138881 (webtiles) character file.

Game seed: 2100293511744981155

533 Dauddaud the Cleaver (level 7, -1/85 HPs)
             Began as a Minotaur Berserker on Apr 16, 2022.
             Was a Priest of Trog.
             Slain by a gnoll
             ... wielding a +0 whip
              (7 damage)
             ... on level 5 of the Dungeon.
             The game lasted 00:06:30 (3782 turns).

Dauddaud the Cleaver (Minotaur Berserker)           Turns: 3782, Time: 00:06:30

Health: -1/85      AC: 15    Str: 24    XL:     7   Next: 4%
Magic:  6/6        EV:  7    Int:  4    God:    Trog [***...]
Gold:   190        SH:  0    Dex:  9    Spells: 6/6 levels left

rFire   . . .      SeeInvis .   p - +2 flail (holy)
rCold   . . .      Faith    .   (no shield)
rNeg    . . .      Spirit   .   y - +0 plate armour
rPois   .          Reflect  .   (helmet restricted)
rElec   .          Harm     .   s - +2 cloak {Will+}
rCorr   .          Rampage  .   (no gloves)
Will    +++..                   o - +0 pair of boots
Stlth   ..........              (no amulet)
HPRegen 1.24/turn               (no ring)
MPRegen 0.10/turn               (no ring)

@: berserking, strong-willed, regenerating, very quick
A: horns 2, retaliatory headbutt
a: Renounce Religion, Berserk, Trog's Hand


You were on level 5 of the Dungeon.
You worshipped Trog.
Trog was most pleased with you.
You visited 1 branch of the dungeon, and saw 5 of its levels.

You collected 190 gold pieces.

Inventory:

Hand Weapons
 a - a +0 hand axe
 p - a +2 flail of holy wrath (weapon)
Armour
 b - a +0 animal skin
 f - a +0 ring mail
 o - a +0 pair of boots (worn)
 q - a +0 chain mail
 s - a +2 cloak of willpower (worn)
 y - a +0 plate armour (worn)
Jewellery
 n - a ring of protection from fire
Scrolls
 e - 3 scrolls of identify {unknown}
 g - a scroll of vulnerability {unknown}
 j - 2 scrolls of blinking {unknown}
 k - a scroll of brand weapon {unknown}
 m - a scroll of amnesia {unknown}
 r - 2 scrolls of teleportation {unknown}
 v - 2 scrolls of fog {unknown}
Potions
 c - 2 potions of haste {unknown}
 d - a potion of berserk rage {unknown}
 h - 2 potions of brilliance {unknown}
 i - 5 potions of curing {unknown}
 l - a potion of lignification {unknown}
 t - a potion of heal wounds {unknown}
 u - a potion of flight {unknown}
 w - a potion of degeneration {unknown}
 x - a potion of resistance {unknown}


   Skills:
 - Level 3.6 Fighting
 + Level 9.7 Axes
 - Level 2.4 Armour
 - Level 2.1 Dodging


You had 6 spell levels left.
You didn't know any spells.
Your spell library was empty.

Dungeon Overview and Level Annotations

Branches:
Dungeon (5/15)             Temple (0/1) D:4

Altars:
Cheibriados
The Shining One


Innate Abilities, Weirdness & Mutations

You have a pair of horns on your head.
You reflexively headbutt those who attack you in melee.


Message History

The gnoll barely misses you. The orc hits you but does no damage.
You barely miss the gnoll shaman.
An iguana comes into view.
The gnoll hits you but does no damage. The orc hits you but does no damage.
The orc barely misses you. The gnoll closely misses you.
The gnoll shaman barely misses you.
You barely miss the gnoll shaman.
The centaur hits you but does no damage.
The centaur completely misses you.
You bludgeon the gnoll shaman!! You headbutt the gnoll shaman.
You kill the gnoll shaman!
Trog accepts your kill.
The centaur hits you but does no damage.
The centaur kicks you but does no damage.
The orc hits you but does no damage. The orc barely misses you.
The gnoll hits you from afar with a +0 halberd.
An orc comes into view. It is wielding a +0 club.
The gnoll hits you from afar with a +3 halberd!
You barely miss the centaur.
The orc shouts!
You headbutt the centaur!
The centaur is severely wounded.
The centaur hits you.
* * * LOW HITPOINT WARNING * * *
The centaur kicks you but does no damage.
The gnoll hits you but does no damage. The orc hits you but does no damage.
The orc hits you with a +0 mace.
* * * LOW HITPOINT WARNING * * *
The gnoll hits you from afar with a +3 halberd!
* * * LOW HITPOINT WARNING * * *
The gnoll barely misses you.
An orc priest comes into view. It is wielding a +0 whip.
You sock the centaur!
You kill the centaur!
Trog accepts your kill.
You have reached level 7!
You closely miss the gnoll. You headbutt the gnoll!
The gnoll is heavily wounded.
The gnoll hits you with a +0 whip!
You die...

#............
##............
..#........o.
#.........o..
#.#..........
####....gg......
?.....gol!......
#..@oo...?..
......####......
##### ..... .##.
#


You could see an iguana, 2 orc priests, 3 gnolls and 3 orcs.

Vanquished Creatures
  An ogre (D:4)
  A centaur (D:5)
  A gnoll shaman (D:5)
  3 orc priests
  2 hounds (D:4)
  An iguana (D:4)
  Terence (D:3)
  A gnoll (D:5)
  6 adders
  2 worms
  2 dart slugs
  11 orcs
  8 ball pythons
  3 endoplasms
  3 giant cockroaches
  7 goblins
  7 hobgoblins
  6 jackals
  9 kobolds
  5 bats
  4 frilled lizards
  3 rats
87 creatures vanquished.

Notes
Turn   | Place    | Note
-------+----------+-------------------------------------------
     0 | D:1      | Dauddaud the Minotaur Berserker began the quest for the
                  | Orb.
     0 | D:1      | Reached XP level 1. HP: 19/19 MP: 0/0
   112 | D:1      | Reached skill level 4 in Axes
   122 | D:1      | Reached XP level 2. HP: 19/26 MP: 1/1
   202 | D:1      | Found a faded altar of an unknown god.
   728 | D:1      | Reached skill level 5 in Axes
   732 | D:1      | Reached ** piety under Trog
   734 | D:1      | Reached XP level 3. HP: 31/31 MP: 2/2
  1761 | D:3      | Reached skill level 6 in Axes
  1761 | D:3      | Reached XP level 4. HP: 39/39 MP: 3/3
  1809 | D:3      | Noticed Terence
  1819 | D:3      | Killed Terence
  2792 | D:4      | Reached skill level 7 in Axes
  2792 | D:4      | Reached XP level 5. HP: 45/45 MP: 4/4
  2805 | D:4      | Found a staircase to the Ecumenical Temple.
  2812 | D:4      | Noticed an ogre
  2864 | D:4      | Killed an ogre
  2865 | D:4      | Reached skill level 8 in Axes
  2982 | D:4      | Found a glowing golden altar of the Shining One.
  3014 | D:4      | Found a snail-covered altar of Cheibriados.
  3077 | D:4      | Identified the +7 dagger of Offence {pain, Drain rN++
                  | Will+}
  3079 | D:4      | Reached XP level 6. HP: 51/51 MP: 5/5
  3601 | D:4      | Reached *** piety under Trog
  3694 | D:4      | Reached skill level 9 in Axes
  3769 | D:5      | Entered Level 5 of the Dungeon
  3782 | D:5      | Reached XP level 7. HP: 5/57 MP: 6/6
  3782 | D:5      | Slain by a gnoll

Illustrated notes

Levels and vault maps discovered:
D:1:      co_arrival_random_square_maze, layout_basic,
          nicolae_ecumenical_snake_handling
D:2:      layout_basic
D:3:      layout_loops_ring, uniq_terence
D:4:      layout_basic, mainiacjoe_overflow_two_lobes,
          minmay_temple_entry_slanted
D:5:      layout_rooms, enter_ossuary_4, corexii_leaking_fountain,
          uniq_blork_the_orc

Skill      XL: |  1  2  3  4  5  6 |
---------------+-------------------+-----
Axes           | 4 5 6 7 8 9 |  9.7
Fighting       | |  3.6
Armour         | |  2.4
Dodging        | |  2.1

Action                   |  1- 3 |  4- 6 |  7- 9 || total
-------------------------+-------+-------+-------++-------
Melee: Hand axe          |    85 |    13 |       ||    98
       Headbutt          |     7 |    12 |     1 ||    20
       Flail             |       |    83 |     1 ||    84
Throw: Dart              |       |     1 |       ||     1
Invok: Berserk           |     1 |     3 |       ||     4
       Trog's Hand       |       |     1 |       ||     1
 Stab: Sleeping          |     1 |       |       ||     1
Armor: Animal skin       |     6 |       |       ||     6
       Ring mail         |    24 |       |       ||    24
       Chain mail        |       |    46 |       ||    46
       Plate armour      |       |    19 |       ||    19
Dodge: Dodged            |    50 |    45 |       ||    95

Table legend: (Time is in decaauts)
 A = Elapsed time spent in this place.
 B = Non-inter-level travel time spent in this place.
 C = Inter-level travel time spent in this place.
 D = Time resting spent in this place.
 E = Time spent auto-exploring this place.
 F = Levels seen in this place.
 G = Mean time per level.
                   A        B        C        D        E       F      G
               +--------+--------+--------+--------+--------+-----+--------+
         Total |   3828 |   3708 |    120 |    573 |   2588 |   5 |  765.6 |
       Dungeon |   3828 |   3708 |    120 |    573 |   2588 |   5 |  765.6 |
               +--------+--------+--------+--------+--------+-----+--------+

Top non-repeatable levels by time:
     D:4: 1046 daAuts
     D:3: 996 daAuts
     D:2: 978 daAuts
     D:1: 795 daAuts
     D:5: 10 daAuts
